 Dungeon Crawl Stone Soup version 0.21.1-1-g345015f (webtiles) character file.

777 tidbits the Grave Robber (level 7, 3/51 HPs)
             Began as a Gnoll Necromancer on June 29, 2018.
             Quit the game on level 7 of the Dungeon.
             The game lasted 00:13:37 (1447 turns).

tidbits the Grave Robber (Gnoll Necromancer)        Turns: 1447, Time: 00:13:38

Health: 3/51       AC:  3    Str: 14    XL:     7   Next: 84%
Magic:  11/15      EV: 14    Int: 19    God:
Gold:   55         SH:  0    Dex: 16    Spells: 4/17 levels left

rFire    . . .     SeeInvis .   a - +1 dagger (drain)
rCold    . . .     Gourm    .   (no shield)
rNeg     . . .     Faith    .   e - +1 robe
rPois    .         Spirit   .   E - +0 hat of Dawn {MR+}
rElec    .         Reflect  .   (no cloak)
rCorr    .         Harm     +   (no gloves)
MR       +....                  (no boots)
Stlth    +++.......             v - amulet of harm
HPRegen  0.17/turn              B - +4 ring of strength
MPRegen  0.14/turn              (no ring)

@: drained
A: distributed training, fangs 1, strong nose
a: no special abilities


You were on level 7 of the Dungeon.
You were hungry.

You visited 1 branch of the dungeon, and saw 8 of its levels.

You collected 148 gold pieces.
You spent 93 gold pieces at shops.

Inventory:

Hand Weapons
 a - a +1 dagger of draining (weapon)
   (You took it off a kobold on level 1 of the Dungeon)
 q - a -2 scimitar
 s - a -1 war axe
 y - the +2 quarterstaff "Vayn Zogra" {antimagic, SInv Stlth+}
   (You found it on level 6 of the Dungeon)

   It reduces the magical energy of the wielder, and disrupts the spells and
   magical abilities of those hit.
   Natural abilities and divine invocations are not affected.
   It lets you see invisible.
   It makes you more stealthy.
Missiles
 f - 4 stones (quivered)
 x - 23 arrows
Armour
 e - a +1 robe (worn)
 g - a +0 pair of gloves
 h - a +1 hat
 i - a +0 ring mail
 E - the +0 hat of Dawn (worn) {MR+}
   (You found it on level 4 of the Dungeon)

   It affects your resistance to hostile enchantments.
 I - a scarf of spirit shield
   (You found it on level 8 of the Dungeon)
Jewellery
 v - an amulet of harm (around neck)
   (You found it on level 4 of the Dungeon)
 B - a +4 ring of strength (left hand)
   (You found it on level 5 of the Dungeon)
 H - an uncursed ring of ice
   (You found it on level 7 of the Dungeon)
 K - an uncursed ring of wizardry {unknown}
   (You found it on level 6 of the Dungeon)
Scrolls
 j - a scroll of vulnerability {unknown}
 l - a scroll of blinking {unknown}
 m - a scroll of enchant armour
 r - 2 scrolls of remove curse
 u - 2 scrolls of enchant weapon
 z - a scroll of teleportation
 C - a scroll of random uselessness
 D - 2 scrolls of fog {unknown}
 L - a scroll of noise {unknown}
Potions
 d - 4 potions of degeneration {unknown}
 k - a potion of mutation {unknown}
 n - a potion of magic {unknown}
 o - 4 potions of curing
 p - a potion of resistance {unknown}
 t - a potion of heal wounds
 w - a potion of ambrosia
 A - a potion of agility
 F - a potion of might {unknown}
Books
 b - a book of Necromancy

   Spells                             Type                      Level
   a - Pain                           Necromancy                   1
   b - Animate Skeleton               Necromancy                   1
   c - Vampiric Draining              Necromancy                   3
   d - Regeneration                   Charms/Necromancy            3
   e - Animate Dead                   Necromancy                   4
   f - Borgnjor's Vile Clutch         Necromancy/Earth             5
 G - a book of Changes
   (You found it on level 7 of the Dungeon)

   Spells                             Type                      Level
   a - Beastly Appendage              Transmutation                1
   b - Sticks to Snakes               Transmutation                2
   c - Spider Form                    Transmutation/Poison         3
   d - Ice Form                       Ice/Transmutation            4
   e - Blade Hands                    Transmutation                5
Comestibles
 c - 8 rations
 J - 2 chunks of flesh


   Skills:
 + Level 2.7(1.7) Fighting
 + Level 2.7(1.7) Short Blades
 + Level 2.7(1.7) Long Blades
 + Level 2.7(1.7) Axes
 + Level 2.7(1.7) Maces & Flails
 + Level 2.7(1.7) Polearms
 + Level 2.7(1.7) Staves
 + Level 2.7(1.7) Slings
 + Level 2.7(1.7) Bows
 + Level 2.7(1.7) Crossbows
 + Level 2.7(1.7) Throwing
 + Level 2.7(1.7) Armour
 + Level 5.3(4.3) Dodging
 + Level 5.0(4.0) Stealth
 + Level 2.7(1.7) Shields
 + Level 2.7(1.7) Unarmed Combat
 + Level 5.7(4.7) Spellcasting
 + Level 2.2(1.2) Conjurations
 + Level 2.2(1.2) Hexes
 + Level 2.2(1.2) Charms
 + Level 2.2(1.2) Summonings
 + Level 7.5(6.4) Necromancy
 + Level 2.2(1.2) Translocations
 + Level 2.2(1.2) Transmutations
 + Level 2.2(1.2) Fire Magic
 + Level 2.2(1.2) Ice Magic
 + Level 2.2(1.2) Air Magic
 + Level 2.2(1.2) Earth Magic
 + Level 2.2(1.2) Poison Magic
 + Level 3.0(2.0) Invocations
 + Level 2.7(1.7) Evocations


You had 4 spell levels left.
You knew the following spells:

 Your Spells              Type           Power        Failure   Level  Hunger
a - Pain                  Necr           ####         1%          1    None
d - Vampiric Draining     Necr           ####......   2%          3    ###....
n - Animate Skeleton      Necr           N/A          1%          1    None
r - Regeneration          Chrm/Necr      ###.......   8%          3    ###....
v - Borgnjor's Vile Clut  Necr/Erth      ###.......   58%         5    ######.


Dungeon Overview and Level Annotations

Branches:
Dungeon (8/15)
 Temple: D:4-7         Lair: D:8-11

Altars:
Gozag
Trog

Shops:
D:5 %?:(

Annotations:
D:3 dscm's ghost, weakling OpEE


Innate Abilities, Weirdness & Mutations

Your experience applies equally to all skills.
You have very sharp teeth.
Your uncanny sense of smell can sniff out nearby items.


Message History

The ice beast is heavily wounded.
You feel life coursing into your body. The ice beast completely misses you.
Casting: Vampiric Draining
Confirm with . or Enter, or press ? or * to list all spells.
Aiming: Vampiric Draining
Press: ? - help, Shift-Dir - straight line, f/p - ice beast
Aim: an ice beast (heavily wounded)
The ice beast is severely wounded.
You feel life coursing into your body. The ice beast hits you.
The ice beast freezes you.
Casting: Vampiric Draining
Confirm with . or Enter, or press ? or * to list all spells.
Aiming: Vampiric Draining
Press: ? - help, Shift-Dir - straight line, f/p - ice beast
Aim: an ice beast (severely wounded)
You kill the ice beast!
Your Stealth skill increases to level 5!
You feel life coursing into your body.
There is a stone staircase leading down here.
You climb downwards.
There is a stone staircase leading up here.
Unknown command.
You are feeling hungry.
There is a stone staircase leading down here.
You climb downwards.
You hear the roar of battle.
There is an entrance to a bailey on this level.
Hurry and find it before the portal closes forever!
You hear the creaking of a portcullis nearby.
There is a stone staircase leading up here.
You see here a club.
Found a scroll labeled JOKUQE ITETZYZ.
A jelly comes into view.
Casting: Vampiric Draining
Confirm with . or Enter, or press ? or * to list all spells.
Aiming: Pain
Press: ? - help, Shift-Dir - straight line, f - jelly
Aim: a jelly (resting, chance to defeat MR: 89%)
The jelly quivers.
The jelly writhes in agony!
Casting: Pain
Confirm with . or Enter, or press ? or * to list all spells.
Aiming: Pain
Press: ? - help, Shift-Dir - straight line, f/p - jelly
Aim: a jelly (heavily wounded, chance to defeat MR: 89%)
The jelly writhes in agony!
Casting: Pain
Confirm with . or Enter, or press ? or * to list all spells.
Aiming: Pain
Press: ? - help, Shift-Dir - straight line, f/p - jelly
Aim: a jelly (severely wounded, chance to defeat MR: 89%)
The jelly writhes in agony!
Casting: Pain
Confirm with . or Enter, or press ? or * to list all spells.
Aiming: Pain
Press: ? - help, Shift-Dir - straight line, f/p - jelly
Aim: a jelly (water, severely wounded, chance to defeat MR: 89%)
The jelly writhes in agony!
You kill the jelly!
Your Invocations skill increases to level 3!
You enter the shallow water.
Moving in this stuff is going to be slow. 2 goblins come into view.
You see here a scroll labeled JOKUQE ITETZYZ.
L - a scroll labeled JOKUQE ITETZYZ The goblin shouts! x2; You hear a shout!
A goblin comes into view. It is wielding a spear.
You hear a shout!
A crimson imp comes into view.
Unknown command.
The crimson imp shouts!
You hear a shout!
The crimson imp blinks!
Found 2 purple potions.
Found a stone staircase leading down. 2 wights come into view.
A wight is wielding a trident of freezing. 2 wights come into view.
You see here 2 purple potions.
Unknown command.
d - 4 purple potions (gained 2)
Okay, then.
Okay, then.
Okay, then.
Unknown command.
The wight hits you with a long sword.
The wight hits you from afar with a trident of freezing.
You feel drained. The wight freezes you.
Found a scroll of enchant weapon.
You see here a scroll of enchant weapon.
Okay, then.
u - 2 scrolls of enchant weapon (gained 1)
You hear the steady creaking of a distant portcullis.
The wight hits you with a long sword!
You feel drained.
The wight hits you from afar with a trident of freezing!
* * * LOW HITPOINT WARNING * * *
You feel drained.
* * * LOW HITPOINT WARNING * * *
The wight freezes you.
* * * LOW HITPOINT WARNING * * *
Okay, then.
Are you sure you want to abandon this character and quit the game? (Confirm with "yes".)

## #.##...## ..
#.#.g...# .
#.##...##
#.##.#.....#
#.#........# #
#.....g....# #.
###.......5#
.####.###
#####.#.....#
.......@#
#>....###..##
..###.#z###.#####
..# #...z..g.#
#.# ###.###..# .#
# .... .z.# #
###.# #.z.. # #.#
#.#### # #.# #.#
# . ..# ...


You could see 2 wights.

Vanquished Creatures
  An ice beast (D:5)
  A sky beast (D:7)
  2 centaurs
  2 bullfrogs (D:7)
  A scorpion (D:4)
  A centaur zombie (D:5)
  2 jellies
  An orc priest (D:7)
  Terence (D:2)
  A worker ant (D:5)
  2 worker ant zombies (D:5)
  2 oozes
  A worm (D:6)
  3 orcs
  4 bats (D:1)
  A giant cockroach (D:1)
  3 goblins (D:1)
  4 hobgoblins
  13 jackals
  7 kobolds
  3 quokkas
  4 frilled lizards
  A leopard gecko zombie (D:5)
  2 rats
63 creatures vanquished.

Vanquished Creatures (collateral kills)
  3 jackals (D:5)
3 creatures vanquished.

Grand Total: 66 creatures vanquished

Notes
Turn   | Place    | Note
-------+----------+-------------------------------------------
     0 | D:1      | tidbits the Gnoll Necromancer began the quest for the Orb.
     0 | D:1      | Reached XP level 1. HP: 13/13 MP: 6/6
    94 | D:1      | Reached XP level 2. HP: 17/19 MP: 2/7
   182 | D:1      | Learned a level 1 spell: Animate Skeleton
   202 | D:1      | Reached XP level 3. HP: 15/25 MP: 7/9
   206 | D:1      | Reached skill level 5 in Spellcasting
   218 | D:1      | Learned a level 3 spell: Vampiric Draining
   222 | D:1      | Learned a level 3 spell: Regeneration
   277 | D:2      | Noticed Terence
   279 | D:2      | Killed Terence
   279 | D:2      | Reached skill level 1 in Fighting
   279 | D:2      | Reached skill level 1 in Short Blades
   279 | D:2      | Reached skill level 1 in Long Blades
   279 | D:2      | Reached skill level 1 in Axes
   279 | D:2      | Reached skill level 1 in Maces & Flails
   279 | D:2      | Reached skill level 1 in Polearms
   279 | D:2      | Reached skill level 1 in Staves
   279 | D:2      | Reached skill level 1 in Slings
   279 | D:2      | Reached skill level 1 in Bows
   279 | D:2      | Reached skill level 1 in Crossbows
   279 | D:2      | Reached skill level 1 in Throwing
   279 | D:2      | Reached skill level 1 in Armour
   279 | D:2      | Reached skill level 1 in Shields
   279 | D:2      | Reached skill level 1 in Unarmed Combat
   279 | D:2      | Reached skill level 1 in Invocations
   279 | D:2      | Reached skill level 1 in Evocations
   284 | D:2      | Reached XP level 4. HP: 23/32 MP: 8/11
   410 | D:3      | Found a bloodstained altar of Trog.
   484 | D:3      | Noticed dscm's ghost (weakling OpEE)
   497 | D:4      | Reached skill level 1 in Conjurations
   497 | D:4      | Reached skill level 1 in Hexes
   497 | D:4      | Reached skill level 1 in Charms
   497 | D:4      | Reached skill level 1 in Summonings
   497 | D:4      | Reached skill level 1 in Translocations
   497 | D:4      | Reached skill level 1 in Transmutations
   497 | D:4      | Reached skill level 1 in Fire Magic
   497 | D:4      | Reached skill level 1 in Ice Magic
   497 | D:4      | Reached skill level 1 in Air Magic
   497 | D:4      | Reached skill level 1 in Earth Magic
   497 | D:4      | Reached skill level 1 in Poison Magic
   497 | D:4      | Reached XP level 5. HP: 33/37 MP: 5/12
   502 | D:5      | Entered Level 5 of the Dungeon
   607 | D:4      | Got an ichor-stained hat
   613 | D:4      | Identified the cursed +0 hat of Dawn {MR+} (You found it on level 4 of the Dungeon)
   650 | D:4      | Noticed a phantom
   668 | D:3      | Found an opulent altar of Gozag.
   777 | D:5      | Noticed a yak
   790 | D:5      | Found Fuosoat's Antique Weapon Emporium.
   813 | D:5      | Found Ruvaibbu's Book Boutique.
   854 | D:5      | Found Heckius's Food Boutique.
   897 | D:5      | Reached skill level 2 in Invocations
   897 | D:5      | Reached XP level 6. HP: 32/44 MP: 8/13
   917 | D:5      | Reached skill level 5 in Dodging
   926 | D:5      | Learned a level 5 spell: Borgnjor's Vile Clutch
   943 | D:5      | Reached skill level 2 in Fighting
   943 | D:5      | Reached skill level 2 in Short Blades
   943 | D:5      | Reached skill level 2 in Long Blades
   943 | D:5      | Reached skill level 2 in Axes
   943 | D:5      | Reached skill level 2 in Maces & Flails
   943 | D:5      | Reached skill level 2 in Polearms
   943 | D:5      | Reached skill level 2 in Staves
   943 | D:5      | Reached skill level 2 in Slings
   943 | D:5      | Reached skill level 2 in Bows
   943 | D:5      | Reached skill level 2 in Crossbows
   943 | D:5      | Reached skill level 2 in Throwing
   943 | D:5      | Reached skill level 2 in Armour
   943 | D:5      | Reached skill level 2 in Shields
   943 | D:5      | Reached skill level 2 in Unarmed Combat
   943 | D:5      | Reached skill level 2 in Evocations
   968 | D:5      | Found Osey's Magic Scroll Shop.
   971 | D:5      | Bought a scroll of magic mapping for 38 gold pieces
   971 | D:5      | Bought 2 scrolls of identify for 44 gold pieces
   971 | D:5      | Bought a scroll of random uselessness for 11 gold pieces
  1096 | D:6      | Got a fine quarterstaff
  1097 | D:6      | Identified the +2 quarterstaff "Vayn Zogra" {antimagic, SInv Stlth+} (You found it on level 6 of the Dungeon)
  1134 | D:6      | Noticed an orc warrior
  1177 | D:7      | Reached XP level 7. HP: 24/50 MP: 8/15
  1319 | D:7      | Reached skill level 2 in Conjurations
  1319 | D:7      | Reached skill level 2 in Hexes
  1319 | D:7      | Reached skill level 2 in Charms
  1319 | D:7      | Reached skill level 2 in Summonings
  1319 | D:7      | Reached skill level 2 in Translocations
  1319 | D:7      | Reached skill level 2 in Transmutations
  1319 | D:7      | Reached skill level 2 in Fire Magic
  1319 | D:7      | Reached skill level 2 in Ice Magic
  1319 | D:7      | Reached skill level 2 in Air Magic
  1319 | D:7      | Reached skill level 2 in Earth Magic
  1319 | D:7      | Reached skill level 2 in Poison Magic
  1373 | D:5      | Noticed a yak
  1374 | D:5      | Noticed a yak
  1384 | D:5      | Reached skill level 5 in Stealth
  1413 | D:7      | Reached skill level 3 in Invocations
  1446 | D:7      | HP: 3/51 [wight/trident of freezing (7)]
  1447 | D:7      | Quit the game

Skill      XL: |  1  2  3  4  5  6  7 |
---------------+----------------------+-----
Spellcasting   | 5 |  5.7
Fighting       | 1 2 |  2.7
Short Blades   | 1 2 |  2.7
Long Blades    | 1 2 |  2.7
Axes           | 1 2 |  2.7
Maces & Flails | 1 2 |  2.7
Polearms       | 1 2 |  2.7
Staves         | 1 2 |  2.7
Slings         | 1 2 |  2.7
Bows           | 1 2 |  2.7
Crossbows      | 1 2 |  2.7
Throwing       | 1 2 |  2.7
Armour         | 1 2 |  2.7
Shields        | 1 2 |  2.7
Unarmed Combat | 1 2 |  2.7
Invocations    | 1 2 3 |  3.0
Evocations     | 1 2 |  2.7
Conjurations   | 1 2 |  2.2
Hexes          | 1 2 |  2.2
Charms         | 1 2 |  2.2
Summonings     | 1 2 |  2.2
Translocations | 1 2 |  2.2
Transmutations | 1 2 |  2.2
Fire Magic     | 1 2 |  2.2
Ice Magic      | 1 2 |  2.2
Air Magic      | 1 2 |  2.2
Earth Magic    | 1 2 |  2.2
Poison Magic   | 1 2 |  2.2
Dodging        | 5 |  5.3
Stealth        | 5 |  5.0
Necromancy     | |  7.5

Action                   |  1- 3 |  4- 6 |  7- 9 || total
-------------------------+-------+-------+-------++-------
Melee: Unarmed           |     5 |       |       ||     5
       Dagger            |    32 |    69 |    10 ||   111
       Bite              |       |     8 |     1 ||     9
       War axe           |       |    12 |       ||    12
       Quarterstaff      |       |     3 |       ||     3
 Cast: Pain              |    23 |    20 |     4 ||    47
       Regeneration      |     1 |     4 |     1 ||     6
       Vampiric Draining |       |     3 |     4 ||     7
       Animate Skeleton  |       |     1 |     2 ||     3
  Use: Potion            |     1 |     1 |       ||     2
       Scroll            |       |    11 |       ||    11
 Stab: Sleeping          |     3 |     5 |     3 ||    11
  Eat: Chunk             |       |     1 |     1 ||     2
Armor: Robe              |     6 |    10 |       ||    16
Dodge: Dodged            |    43 |    67 |     9 ||   119

Table legend:
 A = Turns spent in this place as a percentage of turns spent in the entire game.
 B = Non-inter-level travel turns spent in this place as a percentage of non-inter-level travel turns spent in the entire game.
 C = Inter-level travel turns spent in this place as a percentage of turns spent in this place.
 D = Turns resting spent in this place as a percentage of non-inter-level travel turns spent in this place.
 E = Turns spent auto-exploring this place as a percentage of non-inter-level travel turns spent in this place.
 F = Non-inter-level travel turns spent in this place divided by the number of levels of this place that you've seen.
                   A       B       C       D       E      F
               +-------+-------+-------+-------+-------+----------------------
         Total | 100.0 | 100.0 |   0.0 |   0.0 |   0.0 | 180.9
       Dungeon | 100.0 | 100.0 |   0.0 |   0.0 |   0.0 | 180.9
               +-------+-------+-------+-------+-------+----------------------

Table legend:
 A = Kills in this place as a percentage of kills in entire the game.
 B = Kills by you in this place as a percentage of kills by you in the entire game.
 C = Kills by friends in this place as a percentage of kills by friends in the entire game.
 D = Other kills in this place as a percentage of other kills in the entire game.
 E = Experience gained in this place as a percentage of experience gained in the entire game.
 F = Experience gained in this place divided by the number of levels of this place that you have seen.
                   A       B       C       D       E      F
               +-------+-------+-------+-------+-------+----------------------
         Total | 100.0 | 100.0 | 100.0 |   N/A | 100.0 | 138.8
       Dungeon | 100.0 | 100.0 | 100.0 |   N/A | 100.0 | 138.8
               +-------+-------+-------+-------+-------+----------------------

Vault maps used:
D:1:      erik_arrival_cave_to_civilisation, minmay_nonomino_d4
D:2:      chequers_ecumenical_altar_lobes, uniq_terence, uniq_jessica
D:3:      marbit_many_paths, nicolae_overflow_hidden_temple,
          overflow_temple_1_default, uniq_crazy_yiuf_cottage
D:4:      minmay_temple_entry_large_hall, first_ration,
          hangedman_decor_slide_cut
D:5:      serial_shops, shop, shop, kennysheep_mini, kennysheep_mini_moat
D:6:      zin_angel
D:7:      overflow_temple_1_default, enter_bailey_3
D:8:      lemuel_doored_altar, makhleb_altar_promises_db,
          nicolae_ossuary_entry_ruins
